| TOP OF THE 1ST |
|
Milwaukee (NYP) Brewers batting - Pitching for Cincinnati (NYP) Reds : RHP Matt Moffat
|
|
Pitching: RHP Matt Moffat
|
|
|
Batting: RHB Bobby McCann
|
0-0: Called Strike 0-1: Hit by Pitch
|
|
Batting: LHB Paul Collins
|
0-0: Called Strike 0-1: Ball 1-1: Ball 2-1: Fielders Choice at 2nd, 4-6 (Groundball, 4M, EV 86.2 MPH)
|
|
Batting: LHB Alfredo de la Cruz
|
0-0: Called Strike 0-1: Ball 1-1: Ball 2-1: Ball 3-1: Called Strike 3-2: Strikes out swinging
|
|
Batting: RHB Skyler Goss
|
0-0: Ball 1-0: Ball 2-0: Ball 3-0: Base on Balls Paul Collins to second
|
|
Batting: SHB Mitchell Greene
|
0-0: Foul Ball, location: 2F 0-1: Foul Ball, location: 2F 0-2: Ball 1-2: Strikes out looking
|
| Top of the 1st over - 0 runs, 0 hits, 0 errors, 2 left on base; Milwaukee (NYP) 0 - Cincinnati (NYP) 0 |
| BOTTOM OF THE 1ST |
|
Cincinnati (NYP) Reds batting - Pitching for Milwaukee (NYP) Brewers : RHP Junzo Yanagisawa
|
|
Pitching: RHP Junzo Yanagisawa
|
|
|
Batting: SHB Bryan Johnston
|
0-0: Swinging Strike 0-1: Ball 1-1: Ball 2-1: Ball 3-1: Fly out, F8 (Flyball, 8LD, EV 108.1 MPH)
|
|
Batting: LHB Fernando Gomez
|
0-0: Ball 1-0: Ball 2-0: Ball 3-0: Called Strike 3-1: Called Strike 3-2: Strikes out swinging
|
|
Batting: RHB Ricky Carbajal
|
0-0: Called Strike 0-1: Ball 1-1: Called Strike 1-2: SOLO HOME RUN (Flyball, 78XD, EV 108.8 MPH), Distance : 434 ft
|
|
Batting: RHB Jamie Ingram
|
0-0: Ball 1-0: Foul Ball, location: 2F 1-1: Swinging Strike 1-2: SINGLE (Flyball, 5D, EV 80.6 MPH)
|
|
Batting: LHB Marty Hafner
|
0-0: Called Strike 0-1: Called Strike 0-2: Strikes out looking
|
| Bottom of the 1st over - 1 run, 2 hits, 0 errors, 1 left on base; Milwaukee (NYP) 0 - Cincinnati (NYP) 1 |
| TOP OF THE 2ND |
|
Milwaukee (NYP) Brewers batting - Pitching for Cincinnati (NYP) Reds : RHP Matt Moffat
|
|
Batting: RHB Brad Wren
|
0-0: Called Strike 0-1: Foul Ball, location: 2F 0-2: Fly out, F9 (Flyball, 89M, EV 81.9 MPH)
|
|
Batting: SHB Adam Slade
|
0-0: Ball 1-0: Ball 2-0: Ball 3-0: Called Strike 3-1: Called Strike 3-2: Foul Ball, location: 2F 3-2: Strikes out swinging
|
|
Batting: RHB Brian Landrum
|
0-0: SINGLE (Groundball, 56S, EV 73.1 MPH) (infield hit)
|
|
Batting: RHB Bryant Thies
|
0-0: Called Strike 0-1: Ball 1-1: Ball 2-1: Fly out, F7 (Flyball, 78S, EV 89.4 MPH)
|
| Top of the 2nd over - 0 runs, 1 hit, 0 errors, 1 left on base; Milwaukee (NYP) 0 - Cincinnati (NYP) 1 |
| BOTTOM OF THE 2ND |
|
Cincinnati (NYP) Reds batting - Pitching for Milwaukee (NYP) Brewers : RHP Junzo Yanagisawa
|
|
Batting: RHB Marcus Carter
|
0-0: Swinging Strike 0-1: Fly out, F9 (Flyball, 9S, EV 91.2 MPH)
|
|
Batting: RHB Dave Ruiz
|
0-0: Called Strike 0-1: Ball 1-1: Foul Ball, location: 2F 1-2: Ball 2-2: Strikes out looking
|
|
Batting: RHB Chae-seong Lee
|
0-0: Called Strike 0-1: Ball 1-1: Ball 2-1: Ball 3-1: Foul Ball, location: 2F 3-2: SINGLE (Groundball, 56D, EV 105.0 MPH)
|
|
Batting: RHB Alfredo Razo
|
0-0: Ball 1-0: Ground out 6-3 (Groundball, 6S, EV 85.0 MPH)
|
| Bottom of the 2nd over - 0 runs, 1 hit, 0 errors, 1 left on base; Milwaukee (NYP) 0 - Cincinnati (NYP) 1 |
| TOP OF THE 3RD |
|
Milwaukee (NYP) Brewers batting - Pitching for Cincinnati (NYP) Reds : RHP Matt Moffat
|
|
Batting: RHB Bobby McCann
|
0-0: SOLO HOME RUN (Flyball, 78XD, EV 107.5 MPH), Distance : 435 ft
|
|
Batting: LHB Paul Collins
|
0-0: Ball 1-0: Foul Ball, location: 2F 1-1: Ball 2-1: Foul Ball, location: 2F 2-2: Foul Ball, location: 2F 2-2: Ball 3-2: DOUBLE (Line Drive, 78M, EV 101.9 MPH)
|
|
Batting: LHB Alfredo de la Cruz
|
0-0: Called Strike 0-1: Swinging Strike 0-2: Foul Ball, location: 2F 0-2: Strikes out swinging
|
|
Batting: RHB Skyler Goss
|
0-0: Ball 1-0: Ball 2-0: Called Strike 2-1: Called Strike 2-2: Foul Ball, location: 2F 2-2: Strikes out swinging
|
|
Batting: SHB Mitchell Greene
|
0-0: Ball 1-0: Ball 2-0: Swinging Strike 2-1: Swinging Strike 2-2: Foul Ball, location: 2F 2-2: Foul Ball, location: 2F 2-2: Strikes out swinging
|
| Top of the 3rd over - 1 run, 2 hits, 0 errors, 1 left on base; Milwaukee (NYP) 1 - Cincinnati (NYP) 1 |
| BOTTOM OF THE 3RD |
|
Cincinnati (NYP) Reds batting - Pitching for Milwaukee (NYP) Brewers : RHP Junzo Yanagisawa
|
|
Batting: SHB Bryan Johnston
|
0-0: Ball 1-0: Ball 2-0: Ball 3-0: Base on Balls
|
|
Batting: LHB Fernando Gomez
|
0-0: Ball 1-0: Called Strike 1-1: Ball 2-1: Ball 3-1: Base on Balls Bryan Johnston to second
|
|
Batting: RHB Ricky Carbajal
|
0-0: Called Strike 0-1: Ball 1-1: Ball 2-1: Called Strike 2-2: Foul Ball, location: 2F 2-2: Ball 3-2: Base on Balls Bryan Johnston to third Fernando Gomez to second
|
|
Batting: RHB Jamie Ingram
|
0-0: Ball 1-0: Foul Ball, location: 2F 1-1: SINGLE (Groundball, 34D, EV 95.6 MPH) Bryan Johnston scores Fernando Gomez to third Ricky Carbajal to second Runner from 3rd tries for Home, throw by RF and OUT! 9-2
|
|
Batting: LHB Marty Hafner
|
0-0: Called Strike Ricky Carbajal steals 3rd base 0-1: Foul Ball, location: 2F 0-2: Hit by Pitch Jamie Ingram to second
|
|
Pinch Runner at 1st Antonio Molina:
|
|
|
Batting: RHB Marcus Carter
|
0-0: Foul Ball, location: 2F 0-1: Foul Ball, location: 2F 0-2: SINGLE (Groundball, 6D, EV 100.0 MPH) Ricky Carbajal scores Jamie Ingram to third Antonio Molina to second
|
|
Batting: RHB Dave Ruiz
|
0-0: Called Strike 0-1: Ball 1-1: Swinging Strike 1-2: Hit by Pitch Jamie Ingram scores Antonio Molina to third Marcus Carter to second
|
|
Batting: RHB Chae-seong Lee
|
0-0: Ball Wild Pitch! Antonio Molina scores Marcus Carter to third Dave Ruiz to second 1-0: Ball 2-0: Foul Ball, location: 2F 2-1: Foul Ball, location: 2F 2-2: Ball 3-2: Strikes out swinging
|
|
Batting: RHB Alfredo Razo
|
0-0: Ground out 6-3 (Groundball, 6, EV 101.2 MPH)
|
| Bottom of the 3rd over - 4 runs, 2 hits, 0 errors, 2 left on base; Milwaukee (NYP) 1 - Cincinnati (NYP) 5 |
| TOP OF THE 4TH |
|
Milwaukee (NYP) Brewers batting - Pitching for Cincinnati (NYP) Reds : RHP Matt Moffat
|
|
Now at C: Bill Hainey
|
|
|
Batting: RHB Brad Wren
|
0-0: Ball 1-0: Ball 2-0: Ball 3-0: Base on Balls
|
|
Batting: SHB Adam Slade
|
0-0: Ball 1-0: Ball 2-0: Foul Ball, location: 2F 2-1: Foul Ball, location: 2F 2-2: Strikes out looking
|
|
Batting: RHB Brian Landrum
|
0-0: Called Strike 0-1: Foul Ball, location: 2F 0-2: Ball 1-2: Ball Wild Pitch! Brad Wren to second 2-2: Foul Ball, location: 2F 2-2: DOUBLE (Flyball, 89D, EV 106.2 MPH) Brad Wren scores
|
|
Batting: RHB Bryant Thies
|
0-0: Ball 1-0: Ball 2-0: Foul Ball, location: 2F 2-1: Swinging Strike 2-2: Ground out 6-3 (Groundball, 4M, EV 108.8 MPH) Brian Landrum to third
|
|
Batting: RHB Bobby McCann
|
0-0: Called Strike 0-1: Foul Ball, location: 2F 0-2: TRIPLE (Flyball, 89XD, EV 93.1 MPH) Brian Landrum scores
|
|
Batting: LHB Paul Collins
|
0-0: Called Strike 0-1: Ball 1-1: Called Strike 1-2: Strikes out looking
|
| Top of the 4th over - 2 runs, 2 hits, 0 errors, 1 left on base; Milwaukee (NYP) 3 - Cincinnati (NYP) 5 |
| BOTTOM OF THE 4TH |
|
Cincinnati (NYP) Reds batting - Pitching for Milwaukee (NYP) Brewers : RHP Junzo Yanagisawa
|
|
Batting: SHB Bryan Johnston
|
0-0: Foul Ball, location: 2F 0-1: Ball 1-1: Fly out, F6 (Line Drive, 6, EV 68.1 MPH)
|
|
Batting: LHB Fernando Gomez
|
0-0: Called Strike 0-1: Ball 1-1: DOUBLE (Line Drive, 78D, EV 103.1 MPH)
|
|
Batting: RHB Ricky Carbajal
|
0-0: Called Strike Fernando Gomez steals 3rd base (no throw) 0-1: Ball 1-1: SINGLE (Flyball, 7S, EV 94.4 MPH) Fernando Gomez scores
|
|
Pitching: RHP Justin Orr
|
|
|
Batting: RHB Jamie Ingram
|
0-0: Called Strike 0-1: Called Strike Ricky Carbajal steals 2nd base (no throw) 0-2: Ball 1-2: Reached on error, E5 (Groundball, 56S, EV 78.8 MPH) Ricky Carbajal scores
|
|
Batting: RHB Bill Hainey
|
0-0: Hit by Pitch
|
|
Batting: RHB Marcus Carter
|
0-0: Foul Ball, location: 2F 0-1: Ball 1-1: Foul Ball, location: 2F 1-2: Ball 2-2: SINGLE (Line Drive, 9S, EV 105.6 MPH) Jamie Ingram to third Bill Hainey to second
|
|
Batting: RHB Dave Ruiz
|
0-0: Called Strike 0-1: Ball 1-1: Fly out, F4 (Popup, 4D, EV 43.8 MPH)
|
|
Batting: RHB Chae-seong Lee
|
0-0: Ball 1-0: Foul Ball, location: 2F 1-1: Ball 2-1: Fielders Choice at 2nd, 5-4 (Groundball, 56, EV 78.8 MPH)
|
| Bottom of the 4th over - 2 runs, 3 hits, 1 error, 3 left on base; Milwaukee (NYP) 3 - Cincinnati (NYP) 7 |
| TOP OF THE 5TH |
|
Milwaukee (NYP) Brewers batting - Pitching for Cincinnati (NYP) Reds : RHP Matt Moffat
|
|
Batting: LHB Alfredo de la Cruz
|
0-0: Foul Ball, location: 2F 0-1: Ball 1-1: Called Strike 1-2: Fly out, F8 (Flyball, 8LM, EV 91.2 MPH)
|
|
Batting: RHB Skyler Goss
|
0-0: Fly out, F7 (Flyball, 7D, EV 101.9 MPH)
|
|
Batting: SHB Mitchell Greene
|
0-0: Foul Ball, location: 2F 0-1: Ball 1-1: Ball 2-1: Ball 3-1: Base on Balls
|
|
Batting: RHB Brad Wren
|
0-0: Called Strike 0-1: 2-RUN HOME RUN (Line Drive, 8LXD, EV 112.5 MPH), Distance : 460 ft
|
|
Pitching: RHP Tim Sanches
|
|
|
Batting: SHB Adam Slade
|
0-0: SINGLE (Groundball, 4MD, EV 95.0 MPH)
|
|
Batting: RHB Brian Landrum
|
0-0: Ball 1-0: Ball 2-0: Swinging Strike 2-1: Ball 3-1: Base on Balls Adam Slade to second
|
|
Batting: RHB Bryant Thies
|
0-0: Ball 1-0: Ball 2-0: Called Strike 2-1: Ground out 5-3 (Groundball, 56S, EV 88.8 MPH)
|
| Top of the 5th over - 2 runs, 2 hits, 0 errors, 2 left on base; Milwaukee (NYP) 5 - Cincinnati (NYP) 7 |
| BOTTOM OF THE 5TH |
|
Cincinnati (NYP) Reds batting - Pitching for Milwaukee (NYP) Brewers : RHP Justin Orr
|
|
Batting: RHB Alfredo Razo
|
0-0: Ball 1-0: Foul Ball, location: 2F 1-1: Swinging Strike 1-2: Strikes out looking
|
|
Batting: SHB Bryan Johnston
|
0-0: Fly out, F6 (Popup, 56D, EV 71.9 MPH)
|
|
Batting: LHB Fernando Gomez
|
0-0: Ball 1-0: Ball 2-0: Ball 3-0: Called Strike 3-1: Foul Ball, location: 2F 3-2: Foul Ball, location: 2F 3-2: Foul Ball, location: 2F 3-2: Reached on error, E3 (Groundball, 3L, EV 95.6 MPH)
|
|
Batting: RHB Ricky Carbajal
|
0-0: Called Strike 0-1: Ball Fernando Gomez steals 2nd base 1-1: Called Strike 1-2: Ball Wild Pitch! Fernando Gomez to third 2-2: Strikes out swinging
|
| Bottom of the 5th over - 0 runs, 0 hits, 1 error, 1 left on base; Milwaukee (NYP) 5 - Cincinnati (NYP) 7 |
| TOP OF THE 6TH |
|
Milwaukee (NYP) Brewers batting - Pitching for Cincinnati (NYP) Reds : RHP Tim Sanches
|
|
Batting: RHB Bobby McCann
|
0-0: Ball 1-0: Called Strike 1-1: Ball 2-1: Fly out, F4 (Popup, 4MD, EV 51.2 MPH)
|
|
Batting: LHB Paul Collins
|
0-0: Swinging Strike 0-1: Foul Ball, location: 2F 0-2: Foul Ball, location: 2F 0-2: Foul Ball, location: 2F 0-2: Strikes out swinging
|
|
Batting: LHB Alfredo de la Cruz
|
0-0: Ball 1-0: Ball 2-0: Ball 3-0: Base on Balls
|
|
Batting: RHB Skyler Goss
|
0-0: Ball Alfredo de la Cruz is caught stealing 2nd base 2-4
|
| Top of the 6th over - 0 runs, 0 hits, 0 errors, 0 left on base; Milwaukee (NYP) 5 - Cincinnati (NYP) 7 |
| BOTTOM OF THE 6TH |
|
Cincinnati (NYP) Reds batting - Pitching for Milwaukee (NYP) Brewers : RHP Justin Orr
|
|
Batting: RHB Jamie Ingram
|
0-0: Ball 1-0: Ball 2-0: DOUBLE (Groundball, 5L, EV 102.5 MPH)
|
|
Batting: RHB Bill Hainey
|
0-0: Ball 1-0: DOUBLE (Line Drive, 89XD, EV 103.8 MPH) Jamie Ingram scores
|
|
Batting: RHB Marcus Carter
|
0-0: Called Strike 0-1: Ball 1-1: Foul Ball, location: 2F 1-2: Ball 2-2: Ground out 4-3 (Groundball, 4, EV 86.9 MPH) Bill Hainey to third
|
|
Batting: RHB Dave Ruiz
|
0-0: Called Strike 0-1: Fly out, F6 (Popup, 4MD, EV 52.5 MPH)
|
|
Pitching: RHP Dan Patino
|
|
|
Batting: RHB Chae-seong Lee
|
0-0: Called Strike 0-1: Ball 1-1: Fly out, F6 (Flyball, 6D, EV 90.0 MPH)
|
| Bottom of the 6th over - 1 run, 2 hits, 0 errors, 1 left on base; Milwaukee (NYP) 5 - Cincinnati (NYP) 8 |
| TOP OF THE 7TH |
|
Milwaukee (NYP) Brewers batting - Pitching for Cincinnati (NYP) Reds : RHP Tim Sanches
|
|
Batting: RHB Skyler Goss
|
0-0: Ball 1-0: Ball 2-0: Fly out, F9 (Flyball, 9, EV 90.0 MPH)
|
|
Batting: SHB Mitchell Greene
|
0-0: Swinging Strike 0-1: Called Strike 0-2: Foul Ball, location: 2F 0-2: Ball 1-2: Foul Ball, location: 2F 1-2: Ball 2-2: Ground out 4-3 (Groundball, 4, EV 93.1 MPH)
|
|
Batting: RHB Brad Wren
|
0-0: Ball 1-0: Swinging Strike 1-1: Ground out 5-3 (Groundball, 56S, EV 69.4 MPH)
|
| Top of the 7th over - 0 runs, 0 hits, 0 errors, 0 left on base; Milwaukee (NYP) 5 - Cincinnati (NYP) 8 |
| BOTTOM OF THE 7TH |
|
Cincinnati (NYP) Reds batting - Pitching for Milwaukee (NYP) Brewers : RHP Dan Patino
|
|
Batting: RHB Alfredo Razo
|
0-0: Called Strike 0-1: Foul Ball, location: 2F 0-2: Ball 1-2: Strikes out swinging
|
|
Batting: SHB Bryan Johnston
|
0-0: Ball 1-0: Foul Ball, location: 2F 1-1: DOUBLE (Line Drive, 9LM, EV 95.6 MPH)
|
|
Batting: LHB Fernando Gomez
|
0-0: Foul Ball, location: 2F 0-1: Called Strike 0-2: Foul Ball, location: 2F 0-2: Ball 1-2: Fly out, F7 (Flyball, 7, EV 93.1 MPH)
|
|
Batting: RHB Ricky Carbajal
|
0-0: Ball 1-0: Ball 2-0: Foul Ball, location: 2F 2-1: SINGLE (Flyball, 4D, EV 93.1 MPH) Bryan Johnston to third Runner from 3rd tries for Home, SAFE, throw by RF to home
|
|
Batting: RHB Jamie Ingram
|
0-0: Ball Ricky Carbajal steals 2nd base 1-0: Fly out, F1 (Line Drive, P, EV 65.0 MPH)
|
| Bottom of the 7th over - 1 run, 2 hits, 0 errors, 1 left on base; Milwaukee (NYP) 5 - Cincinnati (NYP) 9 |
| TOP OF THE 8TH |
|
Milwaukee (NYP) Brewers batting - Pitching for Cincinnati (NYP) Reds : RHP Tim Sanches
|
|
Pitching: RHP Markus Bevan
|
|
|
Batting: SHB Adam Slade
|
0-0: Ground out 3-1 (Groundball, 34S, EV 85.6 MPH)
|
|
Batting: RHB Brian Landrum
|
0-0: Ground out 5-3 (Groundball, 56S, EV 70.6 MPH)
|
|
Batting: RHB Bryant Thies
|
0-0: Ground out 4-3 (Groundball, 4, EV 80.6 MPH)
|
| Top of the 8th over - 0 runs, 0 hits, 0 errors, 0 left on base; Milwaukee (NYP) 5 - Cincinnati (NYP) 9 |
| BOTTOM OF THE 8TH |
|
Cincinnati (NYP) Reds batting - Pitching for Milwaukee (NYP) Brewers : RHP Dan Patino
|
|
Pitching: RHP Julian Urbina
|
|
|
Batting: RHB Bill Hainey
|
0-0: Ball 1-0: Swinging Strike 1-1: Swinging Strike 1-2: Foul Ball, location: 2F 1-2: Ball 2-2: Ball 3-2: Strikes out swinging
|
|
Batting: RHB Marcus Carter
|
0-0: Swinging Strike 0-1: Called Strike 0-2: Ball 1-2: Strikes out looking
|
|
Batting: RHB Dave Ruiz
|
0-0: Ball 1-0: Ball 2-0: Ball 3-0: Fly out, F4 (Popup, 34D, EV 66.2 MPH)
|
| Bottom of the 8th over - 0 runs, 0 hits, 0 errors, 0 left on base; Milwaukee (NYP) 5 - Cincinnati (NYP) 9 |
| TOP OF THE 9TH |
|
Milwaukee (NYP) Brewers batting - Pitching for Cincinnati (NYP) Reds : RHP Markus Bevan
|
|
Batting: RHB Bobby McCann
|
0-0: Called Strike 0-1: Foul Ball, location: 2F 0-2: Ball 1-2: Strikes out looking
|
|
Batting: LHB Paul Collins
|
0-0: Ball 1-0: Foul Ball, location: 2F 1-1: SINGLE (Groundball, 6D, EV 95.0 MPH)
|
|
Batting: LHB Alfredo de la Cruz
|
0-0: Ball 1-0: Called Strike 1-1: Foul Ball, location: 2F 1-2: Ball 2-2: Ball 3-2: SINGLE (Line Drive, 8RS, EV 90.0 MPH) Paul Collins to second
|
|
Pitching: RHP Giovonni Morgia
|
|
|
Batting: RHB Skyler Goss
|
0-0: Ball 1-0: Ball 2-0: Ball 3-0: Base on Balls Paul Collins to third Alfredo de la Cruz to second
|
|
Batting: SHB Mitchell Greene
|
0-0: Swinging Strike 0-1: Called Strike 0-2: Fielders Choice at 3rd, U5 (Groundball, 5L, EV 94.4 MPH) Paul Collins scores Skyler Goss to second
|
|
Pinch Hitting: LHB Aaron Mobley
|
0-0: Swinging Strike 0-1: Ball 1-1: Foul Ball, location: 2F 1-2: Ball 2-2: Strikes out swinging
|
| Top of the 9th over - 1 run, 2 hits, 0 errors, 2 left on base; Milwaukee (NYP) 6 - Cincinnati (NYP) 9 |
|